 Dungeon Crawl Stone Soup version 0.29-a0-914-g906f1d757c (webtiles) character file.

Game seed: 7574749985113004174

23 leavemydog the Gusty (level 2, -4/15 HPs)
             Began as a Deep Elf Air Elementalist on July 26, 2022.
             Slain by a gnoll
             ... wielding a +0 spear
              (7 damage)
             ... on level 2 of the Dungeon.
             The game lasted 00:02:32 (1186 turns).

leavemydog the Gusty (Deep Elf Air Elementalist)    Turns: 1186, Time: 00:02:33

Health: -4/15      AC:  2    Str:  5    XL:     2   Next: 75%
Magic:  7/8        EV: 12    Int: 19    God:
Gold:   123        SH:  0    Dex: 15    Spells: 6/7 levels left

rFire   . . .      SeeInvis +   e - +0 dagger
rCold   . . .      Faith    .   (no shield)
rNeg    + . .      Spirit   .   a - +0 robe
rPois   .          Reflect  .   (no helmet)
rElec   .          Harm     .   (no cloak)
rCorr   .          Rampage  .   (no gloves)
Will    .....                   (no boots)
Stlth   ++........              (no amulet)
HPRegen 0.05/turn               i - ring of positive energy
MPRegen 0.11/turn               o - ring of see invisible

@: no status effects
A: no striking features
a: no special abilities


You were on level 2 of the Dungeon.
You visited 1 branch of the dungeon, and saw 2 of its levels.

You collected 123 gold pieces.

Inventory:

Hand Weapons
 c - a +0 mace
 e - a +0 dagger (weapon)
Armour
 a - a +0 robe (worn)
Jewellery
 i - a ring of positive energy (left hand)
 o - a ring of see invisible (right hand)
Wands
 j - a wand of paralysis (15)
Scrolls
 d - a scroll of fear {unknown}
 h - 2 scrolls of enchant weapon {unknown}
 m - 2 scrolls of teleportation {unknown}
 n - a scroll of identify {unknown}
Potions
 b - a potion of magic
 f - a potion of haste {unknown}
 g - 2 potions of curing {unknown}
 k - a potion of heal wounds {unknown}
 l - a potion of flight {unknown}
 p - a potion of might {unknown}


   Skills:
 - Level 2.4 Dodging
 - Level 2.4 Stealth
 + Level 3.3 Spellcasting
 * Level 1.5 Conjurations
 + Level 3.7 Air Magic


You had 6 spell levels left.
You knew the following spells:

 Your Spells              Type           Power      Damage    Failure   Level
a - Shock                 Conj/Air       52%        1d6       4%          1

Your spell library contained the following spells:

 Spells                   Type           Power      Damage    Failure   Level
 Static Discharge         Conj/Air       13%        3-5/arc   8%          2
 Swiftness                Air            17%        N/A       10%         3
 Poisonous Vapours        Pois/Air       20%        N/A       11%         2
 Sting                    Tmut/Pois      12%        1d3       14%         1
 Airstrike                Air            8%         0-4+      32%         4
 Olgreb's Toxic Radiance  Pois           3%         N/A       82%         4


Dungeon Overview and Level Annotations

Branches:
Dungeon (2/15)

Altars:


Message History

Confirm with . or Enter, or press ? or * to list all spells.
Aiming: Shock (safe; 4% risk of failure)
Press: ? - help, Shift-Dir - straight line, f - frilled lizard
Aim: a frilled lizard (wandering, hasn't noticed you, 48% to hit)
The zap hits the frilled lizard.
You kill the frilled lizard!
You start resting.
A jackal comes into view.
A gnoll comes into view. It is wielding a +0 club.
A jackal comes into view.
Casting: Shock (safe; 4% risk of failure)
Confirm with . or Enter, or press ? or * to list all spells.
Aiming: Shock (safe; 4% risk of failure)
Press: ? - help, Shift-Dir - straight line, f - jackal
Aim: a jackal (wandering, hasn't noticed you, 60% to hit)
The zap hits the jackal.
The jackal is moderately wounded.
The zap misses the jackal.
The gnoll shouts!
The jackal closely misses you.
A jackal comes into view.
The jackal attacks as you move away! The jackal misses you.
The jackal bites you. The jackal attacks as you move away!
The jackal closely misses you.
A gnoll comes into view. It is wielding a +0 spear.
A gnoll comes into view. It is wielding a +0 whip.
The jackal attacks as you move away! The jackal closely misses you.
The gnoll shouts!
The jackal bites you.
The jackal bites you but does no damage.
The jackal bites you. The jackal closely misses you. The jackal bites you. x2
The jackal attacks as you move away! The jackal closely misses you.
The gnoll hits you from afar with a +0 spear.
* * * LOW HITPOINT WARNING * * *
The jackal attacks as you move away! The jackal closely misses you.
There is a stone staircase leading up here.
The jackal closely misses you. The jackal completely misses you.
The gnoll hits you from afar with a +0 spear!
You die...

##### ..##### #....
........######### #....
....##..........## #....
........@........####....
.......hhh........##[....
......gg................
..#........>.....#...... .
#.....g...........#...
###...............###..# ###
##................####...
.[.##.......................#
#.....###.#.#..#....###...##


You could see 3 gnolls and 3 jackals.

Vanquished Creatures
  2 endoplasms
  A giant cockroach (D:1)
  2 goblins (D:1)
  2 hobgoblins
  A jackal (D:2)
  2 kobolds
  A quokka (D:2)
  4 ball pythons
  3 bats (D:1)
  4 frilled lizards
  A rat (D:1)
23 creatures vanquished.

Notes
Turn   | Place    | Note
-------+----------+-------------------------------------------
     0 | D:1      | leavemydog the Deep Elf Air Elementalist began the quest
                  | for the Orb.
     0 | D:1      | Reached XP level 1. HP: 10/10 MP: 6/6
   426 | D:1      | Found a faded altar of an unknown god.
   428 | D:1      | Reached XP level 2. HP: 15/15 MP: 6/8
  1079 | D:2      | Identified the +11 plate armour "Iptain" {Str+2}
  1186 | D:2      | Slain by a gnoll

Illustrated notes

Levels and vault maps discovered:
D:1:      eino_arrival_water_star, layout_basic, ebering_ecumenical_altar_rust
D:2:      layout_rooms, minmay_between

Action                   || total
-------------------------++-------
 Cast: Shock             ||    44
Armor: Robe              ||     1
Dodge: Dodged            ||    10

Table legend: (Time is in decaauts)
 A = Elapsed time spent in this place.
 B = Non-inter-level travel time spent in this place.
 C = Inter-level travel time spent in this place.
 D = Time resting spent in this place.
 E = Time spent auto-exploring this place.
 F = Levels seen in this place.
 G = Mean time per level.
                   A        B        C        D        E       F      G
               +--------+--------+--------+--------+--------+-----+--------+
         Total |   1186 |   1167 |     19 |    272 |    763 |   2 |  593.0 |
       Dungeon |   1186 |   1167 |     19 |    272 |    763 |   2 |  593.0 |
               +--------+--------+--------+--------+--------+-----+--------+

Top non-repeatable levels by time:
     D:1: 906 daAuts
     D:2: 279 daAuts
